 Dungeon Crawl Stone Soup version 0.29.1-15-g9cfb28693d (webtiles) character file.

Game seed: 4286526333519428183

112 venomsnake the Trooper (level 4, -3/41 HPs)
             Began as a Minotaur Fighter on Mar 25, 2023.
             Slain by a hobgoblin
             ... wielding a +0 quarterstaff
              (5 damage)
             ... on level 3 of the Dungeon.
             The game lasted 00:06:19 (2642 turns).

venomsnake the Trooper (Minotaur Fighter)           Turns: 2642, Time: 00:06:20

Health: -3/41      AC:  9    Str: 23    XL:     4   Next: 63%
Magic:  3/3        EV:  7    Int:  5    God:
Gold:   164        SH:  4    Dex:  9    Spells: 3/3 levels left

rFire   . . .      SeeInvis .   a - +0 war axe
rCold   . . .      Faith    .   c - +0 buckler
rNeg    . . .      Spirit   .   l - +0 chain mail
rPois   .          Reflect  .   (helmet restricted)
rElec   .          Harm     .   (no cloak)
rCorr   .          Rampage  .   (no gloves)
Will    .....                   (no boots)
Stlth   ..........              (no amulet)
HPRegen 0.13/turn               (no ring)
MPRegen 0.08/turn               (no ring)

@: no status effects
A: horns 2, retaliatory headbutt
a: no special abilities


You were on level 3 of the Dungeon.
You visited 1 branch of the dungeon, and saw 3 of its levels.

You collected 164 gold pieces.

Inventory:

Hand Weapons
 a - a +0 war axe (weapon)
Missiles
 f - 10 poisoned darts (quivered)
 j - 12 stones
Armour
 c - a +0 buckler (worn)
 l - a +0 chain mail (worn)
Scrolls
 i - a scroll of summoning {unknown}
 m - 2 scrolls of magic mapping {unknown}
 n - a scroll of poison {unknown}
 o - 2 scrolls of identify {unknown}
 p - a scroll of immolation {unknown}
 q - a scroll of amnesia {unknown}
Potions
 b - a potion of heal wounds {unknown}
 d - a potion of might
 e - a potion of attraction {unknown}
 g - a potion of lignification {unknown}
 h - 2 potions of curing {unknown}
 k - a potion of magic
 r - a potion of brilliance {unknown}


   Skills:
 * Level 4.8 Fighting
 + Level 3.3(3.5) Axes
 + Level 1.7(2.8) Polearms
 + Level 4.2 Armour
 + Level 4.2 Shields


You had 3 spell levels left.
You didn't know any spells.
Your spell library was empty.

Dungeon Overview and Level Annotations

Branches:
Dungeon (3/15)

Altars:
Cheibriados


Innate Abilities, Weirdness & Mutations

You have a pair of horns on your head.
You reflexively headbutt those who attack you in melee.


Message History

The hobgoblin attacks as you move away! You block the hobgoblin's attack.
A ball python comes into view.
The hobgoblin attacks as you move away! You block the hobgoblin's attack.
The ball python bites you but does no damage.
The ball python grabs you. The ball python constricts you.
The ball python's grasp on you weakens, but your attempt to escape fails.
The ball python bites you but does no damage.
The ball python constricts you.
The hobgoblin hits you with a +0 quarterstaff.
You block the ball python's attack. The ball python constricts you.
The ball python's grasp on you weakens, but your attempt to escape fails.
The ball python bites you but does no damage.
The ball python constricts you.
The hobgoblin hits you with a +0 quarterstaff!
* * * LOW HITPOINT WARNING * * *
You escape the ball python's grasp.
The ball python closely misses you. The ball python grabs you.
The ball python constricts you.
* * * LOW HITPOINT WARNING * * *
The ball python bites you but does no damage.
The ball python constricts you.
You escape the ball python's grasp.
The hobgoblin attacks as you move away!
The hobgoblin hits you with a +0 quarterstaff.
* * * LOW HITPOINT WARNING * * *
The hobgoblin hits you with a +0 quarterstaff.
* * * LOW HITPOINT WARNING * * *
You see here a +0 trident.
You hit the hobgoblin.
The hobgoblin is severely wounded.
The hobgoblin closely misses you.
You hit the hobgoblin but do no damage.
The hobgoblin is severely wounded.
The hobgoblin hits you with a +0 quarterstaff.
* * * LOW HITPOINT WARNING * * *
You hit the hobgoblin.
The hobgoblin is almost dead.
The hobgoblin hits you but does no damage.
The hobgoblin hits you with a +0 quarterstaff.
You die...

#.# #..# #.#.# ##.#. #.#
#..# #...# #.#.# #.# #..#
##### ##.#. #.# #..# #.#.#
#.# #..### ##.#. #.#
#....## #.#.# #.# ##.#..#
##.#. #.# #.##.######
###)#.# #.# #Sg@.......
..#.#. #)# ####.######
###.#.# #.# #.### ##.#.
#.# #...# #.#.# #.#
#######.# ##.#.
#.####.......#########.#.#
#.....................#.#.
######......#.########.#.#
#......#.# ##.#.


You could see a hobgoblin and a ball python.

Vanquished Creatures
  3 adders
  2 worms (D:2)
  3 dart slugs
  4 orcs (D:3)
  4 endoplasms
  2 giant cockroaches
  6 goblins
  4 hobgoblins
  7 jackals
  3 quokkas
  4 ball pythons
  6 bats
  2 frilled lizards (D:1)
  6 kobolds (D:1)
  8 rats
  4 bushes (D:1)
68 creatures vanquished.

Vanquished Creatures (others)
  7 plants (D:1)
7 creatures vanquished.

Grand Total: 75 creatures vanquished

Notes
Turn   | Place    | Note
-------+----------+-------------------------------------------
     0 | D:1      | venomsnake the Minotaur Fighter began the quest for the
                  | Orb.
     0 | D:1      | Reached XP level 1. HP: 19/19 MP: 0/0
    97 | D:1      | Reached XP level 2. HP: 27/27 MP: 1/1
   618 | D:1      | Reached skill level 1 in Polearms
   919 | D:2      | Reached XP level 3. HP: 33/33 MP: 2/2
   969 | D:2      | Found a snail-covered altar of Cheibriados.
  1088 | D:2      | Found a faded altar of an unknown god.
  1743 | D:2      | Reached XP level 4. HP: 19/41 MP: 3/3
  2641 | D:3      | HP: 2/41 [hobgoblin/+0 quarterstaff (4)]
  2642 | D:3      | Slain by a hobgoblin

Illustrated notes

Levels and vault maps discovered:
D:1:      spicycebolla_arrival_clurvy, layout_rooms, st_stairs_12,
          lexackson_kobold_supper
D:2:      layout_loops_ring, hellmonk_ecumenical_altar_inner_sanctum,
          basic_altar
D:3:      layout_basic

Skill      XL: |  1  2  3 |
---------------+----------+-----
Fighting       | 4 |  4.8
Armour         | 4 |  4.2
Polearms       | 1 |  1.7
Axes           | 3 |  3.3
Shields        | 4 |  4.2

Action                   |  1- 3 |  4- 6 || total
-------------------------+-------+-------++-------
Melee: War axe           |   277 |    35 ||   312
       Headbutt          |    73 |     8 ||    81
  Use: Potion            |     1 |       ||     1
Armor: Scale mail        |    15 |       ||    15
       Chain mail        |    12 |    21 ||    33
Dodge: Dodged            |    43 |    12 ||    55
Block: Buckler           |    22 |     9 ||    31
